 Dungeon Crawl Stone Soup version 0.13-a0-463-gd58ed0a (console) character file.

157608 elethiomel the Thaumaturge (level 17, 121/121 HPs)
             Began as a High Elf Skald on Apr 26, 2013.
             Was a Priest of Ashenzari.
             Quit the game on Level 4 of the Snake Pit.
             The game lasted 03:47:39 (51818 turns).

elethiomel the Thaumaturge (High Elf Skald)        Turns: 51818, Time: 03:47:39

HP 121/121       AC 21     Str 11      XL: 17   Next: 34%
MP  38/38        EV 24     Int 22      God: Ashenzari [***...]
Gold 1049        SH 13     Dex 18      Spells: 13 memorised,  2 levels left

Res.Fire  : + + .   See Invis. : +   a - +6,+8 demon blade (elec) (curse)
Res.Cold  : . . .   Warding    : .   S - +3 salamander hide armour {+Rage rF++}
Life Prot.: . . .   Conserve   : .   r - +0 buckler {AC+3} (curse)
Res.Poison: +       Res.Corr.  : .   U - +2 helmet {SInv} (curse)
Res.Elec. : .       Clarity    : +   m - +1 cloak (curse)
Sust.Abil.: . .     Spirit.Shd : .   W - +3 pair of gloves of Faoka {+Fly Dex+1 Acc Res.Mut. : . Stasis : . d - +1 pair of boots (curse) Res.Rott. : . Ctrl.Telep.: . N - cursed amulet of faith {!P} Saprovore : . . . Flight : . z - cursed +4,+5 ring of slaying D - ring of poison resistance

@: quite resistant to hostile enchantments, unstealthy
A: no striking features
a: Renounce Religion, Evoke Berserk Rage, Evoke Flight


You were on level 4 of the Snake Pit.
You worshipped Ashenzari.
Ashenzari was greatly pleased with you.
You were not hungry.

You visited 5 branches of the dungeon, and saw 36 of its levels.
You also visited: Labyrinth.

You collected 3997 gold pieces.
You spent 2968 gold pieces at shops.

Inventory:

Hand weapons
 a - a cursed +6,+8 demon blade of electrocution (weapon)
 c - a +2,+3 scimitar of flaming
 F - the +6,+4 scimitar of the Lame Duck {freeze, -Tele MR}
   (You bought it in a shop on level 13 of the Dungeon)

   It has been specially enchanted to freeze those struck by it, causing extra
   injury to most foes and up to double damage against particularly susceptible
   opponents.
   It can also slow down cold-blooded creatures.
   It affects your resistance to hostile enchantments.
   It prevents most forms of teleportation.
Missiles
 H - 8 curare-tipped needles
Armour
 d - a cursed +1 pair of boots (worn)
 m - a cursed +1 cloak (worn)
 r - a cursed +0 buckler of protection (worn)
 w - the +2 helmet "Boinumia" {rElec rF+}
   (You found it in a labyrinth)

   It protects you from fire.
   It insulates you from electricity.
 B - a +3 leather armour of cold resistance
 S - the cursed +3 salamander hide armour (worn) {+Rage rF++}
   (You found it on level 6 of the Lair of Beasts)

   It greatly protects you from fire.
   It lets you go berserk.
   It has a curse placed upon it.
 U - a cursed +2 helmet of see invisible (worn)
 W - the +3 pair of gloves of Faoka (worn) {+Fly Dex+1 Acc+6 Stlth--}
   (You found it on level 8 of the Dungeon)

   It affects your dexterity (+1).
   It affects your accuracy (+6).
   It lets you fly.
   It makes you much less stealthy.
Magical devices
 j - a wand of digging (13)
 l - a wand of confusion (17)
 n - a wand of heal wounds (7)
 s - a wand of cold (3)
 y - a wand of teleportation (5)
 I - a wand of heal wounds (6)
 L - a wand of hasting (9)
 O - a wand of disintegration (7)
Comestibles
 f - 6 bread rations
 u - a royal jelly
 Q - 3 chunks of naga flesh {@w1}
Scrolls
 g - a scroll of magic mapping
 i - 2 scrolls of vulnerability
 o - 2 scrolls of fog
 p - 3 scrolls of fear
 t - a scroll of remove curse
 v - 5 scrolls of identify
 C - a scroll of curse weapon
 K - 3 scrolls of teleportation
 P - a scroll of holy word
Jewellery
 e - an uncursed ring of protection from magic
 h - an uncursed ring of wizardry
 k - an uncursed ring of protection from magic
 q - a cursed ring of teleport control
 z - a cursed +4,+5 ring of slaying (right hand)
 D - a ring of poison resistance (left hand)
 G - an uncursed amulet of the gourmand
 J - an uncursed amulet of clarity
 M - an uncursed amulet of resist mutation
 N - a cursed amulet of faith (around neck) {!P}
Potions
 b - 3 potions of magic
 x - 4 potions of curing
 A - a potion of agility
 E - 4 potions of heal wounds {heal wounds, unknown}
 T - 2 potions of might


   Skills:
 * Level 14.6 Fighting
   Level 11.0 Short Blades
 - Level 14.0(16.4) Long Blades
 - Level 4.2 Armour
 + Level 14.2(15.8) Dodging
 - Level 2.4(4.0) Stealth
 - Level 5.0(6.8) Shields
 - Level 5.3 Traps
 - Level 14.7 Spellcasting
 - Level 13.0(14.6) Conjurations
 - Level 12.0(13.6) Charms
 - Level 2.5(4.1) Translocations
 - Level 6.2(8.2) Air Magic
 - Level 4.7(6.5) Poison Magic
 - Level 5.0(6.9) Evocations


You had 2 spell levels left.
You knew the following spells:

 Your Spells              Type           Power        Failure   Level  Hunger
a - Freezing Aura         Chrm/Ice       ######....   1%          2    None
d - Sticky Flame          Conj/Fire      ######...    1%          4    None
g - Regeneration          Chrm/Necr      ######....   1%          3    None
k - Blink                 Tloc           N/A          1%          2    None
r - Repel Missiles        Chrm/Air       #######...   1%          2    None
s - Swiftness             Chrm/Air       #######...   1%          2    None
v - Poison Weapon         Chrm/Pois      #######...   1%          3    None
x - Poison Arrow          Conj/Pois      #######...   10%         6    #####..
z - Airstrike             Air            #######...   1%          4    None
A - Apportation           Tloc           #####.....   1%          1    None
B - Summon Butterflies    Summ           ####.....    4%          1    None
H - Haste                 Chrm           #######..    2%          6    #####..
O - Orb of Destruction    Conj           #######...   10%         7    ######.


Dungeon Overview and Level Annotations

Branches:
Dungeon (19/27)            Temple (1/1) D:5             Orc (4/4) D:8
    Elf (0/3) Orc:3          Lair (8/8) D:9           Swamp (0/5) Lair:4
  Snake (4/5) Lair:4        Slime (0/6) Lair:8
 Vaults: D:15-20

Altars:
Ashenzari
Cheibriados
Elyvilon
Fedhas
Kikubaaqudgha
Makhleb
Nemelex Xobeh
Okawaru
Sif Muna
Trog
Vehumet
Xom
Yredelemnul
Zin
the Shining One
Lugonu

Shops:
D:5: = D:7: * D:13: ( D:16: + Orc:1: = Orc:2: * Orc:4: /!/=+ Snake:2: (+(?( Snake:3: ?

Annotations
D:1 exclusion: 2 downstairs
D:2 uniques!
D:4 exclusions: door and downstairs
D:5 exclusion: downstairs, Eustachio
D:6 exclusion: upstairs
D:7 exclusion: downstairs
D:8 exclusions: downstairs and upstairs
D:9 exclusion: upstairs
Orc:3 exclusion: 2 downstairs
Lair:1 exclusion: downstairs
Lair:2 exclusion: oklob plant
Lair:7 exclusion: downstairs


Message History

You see here an anaconda skeleton.
Things that are here:
the rotting naga corpse of Lamia; an uncursed mace a +0 naga barding of cold resistance
There is an open door, spattered with blood here.
Things that are here:
a +2 robe; a +0 robe; a +0,+0 long sword; a +0,+1 long sword You open the door.
There is an open door here.
There is an open door here.
You see here 2 potions of brilliance.
There is an open door, spattered with blood here.
Things that are here:
a +2 robe; a +0 robe; a +0,+0 long sword; a +0,+1 long sword
There is an open door here.
Things that are here:
the rotting naga corpse of Lamia; an uncursed mace a +0 naga barding of cold resistance You see here an anaconda skeleton.
You see here a +0,+0 great mace.
Things that are here:
a cursed -1,-2 scimitar; a +0 robe; a naga corpse
Things that are here:
a +2,+0 bardiche of pain; a +0 robe You see here a cursed -3,-3 war axe.
There is a stone staircase leading up here.
Found a stone staircase leading up.
Done exploring.
Done exploring.
Current level annotation: lamia!
New annotation for Snake:4 (include '!' for warning): Really clear the annotation?
Cleared.
There is a stone staircase leading up here.
You see here 23 stones.
There is a stone staircase leading down here.
Save game and exit?
Welcome back, elethiomel the High Elf Skald.
Ashenzari says: Partake of my vision.
Partake of my curse.
Are you sure you want to abandon this character and quit the game? (Confirm with "yes".)

# ####.##.# #.# # #....# #.#
# ###### #.# #.# #.# #.# #.#
##########################.#
...............>e.....(....#
.......#####.##.############
######.# ###.##.# #.#
#...##.# #.###.#..#.#
#..........# ######.##.###
#...%...#.# #...##..#.#


There were no monsters in sight!

Vanquished Creatures
  Lamia (Snake:4)
  Maud (D:16)
  Gastronok (Orc:3)
  2 greater nagas (Snake:4)
  Azrael (Snake:3)
  A great orb of eyes (D:18)
  A minotaur (Lab)
  2 dragons
  Erica (Lair:3)
  Harold (Lair:4)
  6 ogre magi
  4 hydras
  9 anacondas
  A rakshasa (D:17)
  A deep troll shaman (Lair:8)
  4 death yaks
  A sphinx skeleton (D:19)
  7 centaur warriors
  Erolcha (Orc:4)
  A catoblepas (Lair:8)
  5 stone giant skeletons
  A deep elf knight (D:17)
  5 skeletal warriors (D:16)
  2 naga warriors (Snake:2)
  An unseen horror (D:15)
  4 orc knights
  Pikel (D:6)
  12 hill giants
  A hydra zombie (D:17)
  2 guardian serpents (Snake:3)
  2 orc sorcerers
  A griffon (D:16)
  10 cyclopes
  A harpy skeleton (D:15)
  Maurice (D:9)
  15 black mambas
  2 griffon zombies
  2 elephant slugs (Lair:6)
  34 slime creatures
  A dragon zombie (D:12)
  11 elephants
  A fire crab (shapeshifter) (D:19)
  A griffon skeleton (D:19)
  An item mimic (Orc:1)
  5 yaktaurs (D:17)
  10 spiny frogs
  50 ugly things
  8 naga magi
  9 komodo dragons
  7 trolls
  An iron troll simulacrum (D:19)
  19 two-headed ogres
  A hydra simulacrum (D:17)
  A polar bear (Lair:3)
  A snapping turtle (shapeshifter) (D:16)
  14 blink frogs
  A brown ooze (shapeshifter) (D:18)
  2 grizzly bears
  A wraith (D:16)
  2 basilisks
  3 wyverns
  2 sharks (Lair:6)
  5 fire elementals (Snake:3)
  48 yaks
  Grum (D:8)
  23 war dogs
  9 hippogriffs
  2 rock worms
  3 hungry ghosts
  A steam dragon (D:12)
  A trapdoor spider (D:16)
  2 fire drakes
  3 soldier ants
  3 hell hounds (Snake:3)
  6 manticores
  Menkaure (D:5)
  A manticore zombie (D:5)
  13 vampire mosquitoes
  A yaktaur skeleton (D:17)
  A cyclops zombie (D:13)
  A mottled dragon (D:16)
  2 necrophages
  27 giant goldfish
  2 phantoms
  6 ice beasts
  A black bear (Lair:8)
  3 sky beasts
  21 orc warriors
  14 centaurs
  A troll skeleton (D:15)
  A hippogriff zombie (D:9)
  3 slaves
  4 yak zombies
  40 ogres
  A boring beetle (Lair:7)
  10 crocodiles
  A yak skeleton (D:11)
  Duvessa (D:7)
  A warg (Orc:2)
  21 water moccasins
  2 big kobolds
  39 nagas
  5 wolves
  A boring beetle zombie (D:19)
  A giant frog zombie (D:8)
  5 giant slugs
  A rotting devil (D:18)
  3 brain worms
  4 agate snails
  20 giant frogs
  3 insubstantial wisps (Lair:4)
  An eye of draining (D:14)
  A cyclops simulacrum (D:16)
  2 killer bee zombies
  A vampire bat (Lair:2)
  3 lava fish (D:9)
  9 jellyfish
  4 wights (D:8)
  17 killer bees
  An ogre zombie (D:7)
  15 crimson imps
  2 quasits
  Dowan (D:7)
  2 big kobold zombies
  A goliath beetle (Lair:7)
  A mottled dragon skeleton (D:15)
  3 shadows
  Crazy Yiuf (D:2)
  23 orc priests
  4 porcupines
  10 hounds
  A hound skeleton (D:9)
  2 big fish (D:18)
  5 iguanas
  39 orc wizards
  3 scorpions
  6 worker ants
  5 sheep
  Ijyb (D:2)
  Jessica (D:2)
  6 jellies
  A mummy (D:13)
  37 adders
  70 green rats
  5 gnolls
  7 giant centipedes
  An adder skeleton (D:6)
  6 giant mites
  4 worms
  An inept feature mimic (D:4)
  2 spectral bats (Lair:2)
  4 bat skeletons
  A bat zombie (Lair:2)
  2 giant eyeballs
  10 giant geckos
  230 orcs
  A ball python (Snake:4)
  32 bats
  3 fire bats (Lair:2)
  22 goblins
  19 hobgoblins
  15 jackals
  3 oozes
  16 quokkas
  A bat simulacrum (Lair:2)
  5 giant cockroaches
  A giant gecko zombie (D:4)
  8 giant newts
  A giant spore (D:10)
  7 illusory rakshasas (D:17)
  22 kobolds
  2 kobold skeletons
  2 orc zombies
  20 rats
  24 ballistomycetes
  2 fungi
  2 plants
1430 creatures vanquished.

Vanquished Creatures (collateral kills)
  Joseph (D:6)
1 creature vanquished.

Vanquished Creatures (others)
  A wizard (D:10)
  A worker ant (D:6)
  A gnoll (D:7)
  2 adders
  2 orcs
  A goblin (D:6)
  A hobgoblin (D:2)
  A jackal (D:6)
  A kobold (D:9)
  4 giant spores
  2 rats
  5 fungi
22 creatures vanquished.

Grand Total: 1453 creatures vanquished

Notes
Turn   | Place    | Note
--------------------------------------------------------------
     0 | D:1      | elethiomel, the High Elf Skald, began the quest for the Orb.
     0 | D:1      | Reached XP level 1. HP: 14/14 MP: 2/2
   196 | D:1      | Reached skill level 3 in Short Blades
   443 | D:1      | Reached XP level 2. HP: 14/19 MP: 4/4
   453 | D:1      | Learned a level 2 spell: Freezing Aura
   456 | D:1      | Learned a level 2 spell: Repel Missiles
  1192 | D:2      | Reached skill level 4 in Short Blades
  1367 | D:2      | Noticed Ijyb
  1792 | D:2      | Reached XP level 3. HP: 11/24 MP: 0/6
  1996 | D:2      | Noticed Crazy Yiuf
  2745 | D:3      | Found a shimmering altar of Xom.
  3226 | D:3      | Learned a level 3 spell: Regeneration
  3357 | D:3      | Reached skill level 5 in Short Blades
  3455 | D:3      | Reached XP level 4. HP: 25/30 MP: 1/9
  3647 | D:4      | Found a sparkling altar of Nemelex Xobeh.
  4024 | D:4      | Found a glowing silver altar of Zin.
  4268 | D:4      | Reached skill level 3 in Spellcasting
  4370 | D:4      | Reached XP level 5. HP: 35/35 MP: 12/12
  4377 | D:4      | Learned a level 3 spell: Poison Weapon
  4477 | D:4      | Reached skill level 6 in Short Blades
  4814 | D:5      | Entered Level 5 of the Dungeon
  4814 | D:5      | Noticed a sky beast
  4944 | D:5      | Found Keacam's Jewellery Emporium.
  4950 | D:5      | Reached skill level 4 in Charms
  4955 | D:5      | Bought an uncursed amulet of inaccuracy for 20 gold pieces
  4968 | D:5      | Noticed Menkaure
  5008 | D:5      | Noticed a sky beast
  5297 | D:5      | Noticed a manticore zombie
  5339 | D:5      | Found a staircase to the Ecumenical Temple.
  5349 | Temple   | Entered the Ecumenical Temple
  5377 | Temple   | Became a worshipper of Vehumet
  5567 | D:5      | Noticed an ice beast
  5783 | D:5      | Reached XP level 6. HP: 37/40 MP: 11/14
  5871 | D:5      | Reached skill level 7 in Short Blades
  6153 | D:5      | Noticed a centaur
  6175 | D:5      | Killed a centaur
  6175 | D:5      | Reached skill level 5 in Charms
  6334 | D:5      | Found an iron altar of Okawaru.
  6385 | D:5      | Found a blossoming altar of Fedhas.
  6472 | D:5      | Killed a sky beast
  6783 | D:4      | Reached XP level 7. HP: 45/45 MP: 17/17
  6942 | D:6      | Reached skill level 8 in Short Blades
  6951 | D:6      | Noticed Eustachio
  7002 | D:5      | HP: 4/45 [ice beast (12)]
  7232 | D:4      | Learned a level 2 spell: Fire Brand
  7591 | D:4      | HP: 6/67 [ice beast (9)]
  7593 | D:4      | Killed an ice beast
  8424 | D:5      | Killed a manticore zombie
  8706 | D:6      | Noticed a sky beast
  8717 | D:6      | Killed a sky beast
  8717 | D:6      | Reached skill level 9 in Short Blades
  8717 | D:6      | Reached skill level 2 in Dodging
  8782 | D:6      | Acquired Vehumet's first power
  8782 | D:6      | Offered knowledge of Sandblast by Vehumet.
  9435 | D:6      | Noticed an ogre
  9514 | D:5      | Reached skill level 3 in Dodging
  9514 | D:5      | Reached XP level 8. HP: 18/51 MP: 15/18
  9645 | D:6      | Killed an ogre
 10834 | D:6      | Reached skill level 10 in Short Blades
 10834 | D:6      | Reached skill level 4 in Dodging
 10901 | D:7      | Noticed Joseph
 11023 | D:7      | Noticed Pikel
 11208 | D:6      | Killed Joseph
 11208 | D:6      | Reached skill level 6 in Dodging
 11225 | D:6      | Reached XP level 9. HP: 26/55 MP: 8/20
 11239 | D:6      | Killed Pikel
 11239 | D:6      | Reached skill level 7 in Dodging
 11461 | D:7      | Noticed Duvessa
 11461 | D:7      | Noticed Dowan
 11485 | D:7      | Killed Duvessa
 11804 | D:7      | Reached XP level 8. HP: 48/51 MP: 10/18
 11829 | D:7      | Killed Dowan
 11923 | D:7      | Offered knowledge of Shock by Vehumet.
 11997 | D:7      | Learned a level 1 spell: Shock
 12006 | D:7      | Found Ywez's General Store.
 12022 | D:7      | Reached skill level 8 in Dodging
 12022 | D:7      | Reached XP level 9. HP: 48/55 MP: 17/20
 12456 | D:8      | Reached skill level 3 in Fighting
 12507 | D:8      | Noticed Grum
 12562 | D:8      | Killed Grum
 12673 | D:8      | ::what
 12729 | D:7      | Reached skill level 9 in Dodging
 12740 | D:7      | Reached skill level 4 in Fighting
 12955 | D:8      | Offered knowledge of Throw Frost by Vehumet.
 13080 | D:8      | Reached skill level 1 in Air Magic
 13265 | D:8      | Acquired Vehumet's second power
 13265 | D:8      | Reached skill level 1 in Poison Magic
 14087 | D:8      | Reached skill level 11 in Short Blades
 14173 | D:8      | Offered knowledge of Olgreb's Toxic Radiance by Vehumet.
 14173 | D:8      | Reached skill level 2 in Long Blades
 14174 | D:8      | ::...
 14263 | D:8      | Got a pair of fine gloves
 14267 | D:8      | Identified the cursed +3 pair of gloves of Faoka {+Fly Dex+1 Acc+6 Stlth--} (You found it on level 8 of the Dungeon)
 14398 | D:8      | Reached skill level 3 in Long Blades
 14481 | D:8      | Found a staircase to the Orcish Mines.
 14607 | D:7      | Bought a scroll of remove curse for 42 gold pieces
 14812 | D:9      | Reached skill level 4 in Long Blades
 14812 | D:9      | Reached XP level 10. HP: 63/63 MP: 11/22
 14877 | D:9      | Noticed Maurice
 15038 | D:9      | Reached skill level 5 in Long Blades
 15158 | D:8      | Reached skill level 4 in Spellcasting
 15305 | D:8      | Acquired Vehumet's third power
 15332 | D:8      | Reached XP level 9. HP: 45/57 MP: 13/21
 15509 | D:9      | Reached skill level 6 in Long Blades
 15509 | D:9      | Reached XP level 10. HP: 53/63 MP: 20/23
 15662 | D:9      | Offered knowledge of Airstrike by Vehumet.
 15668 | D:9      | Learned a level 4 spell: Airstrike
 15709 | D:9      | Found a staircase to the Lair.
 15821 | D:9      | Reached skill level 7 in Long Blades
 16077 | D:9      | Reached skill level 2 in Air Magic
 16223 | D:9      | Reached skill level 3 in Air Magic
 16707 | D:9      | Killed Maurice
 16707 | D:9      | Reached skill level 9 in Long Blades
 16880 | Lair:1   | Entered Level 1 of the Lair of Beasts
 17066 | Lair:1   | Reached skill level 10 in Long Blades
 17147 | Lair:1   | Reached skill level 11 in Long Blades
 17362 | D:5      | Bought an uncursed ring of poison resistance for 200 gold pieces
 17849 | Lair:1   | Offered knowledge of Orb of Destruction by Vehumet.
 17859 | Lair:1   | Reached skill level 12 in Long Blades
 17915 | Lair:1   | Reached skill level 5 in Spellcasting
 18571 | Lair:2   | Reached skill level 6 in Spellcasting
 18690 | Lair:2   | Reached skill level 7 in Spellcasting
 18805 | Lair:2   | Noticed an oklob plant
 18982 | Lair:2   | Reached XP level 11. HP: 68/68 MP: 28/28
 18992 | Lair:2   | Learned a level 7 spell: Orb of Destruction
 19139 | Lair:2   | Reached skill level 2 in Conjurations
 19250 | Lair:2   | Reached skill level 3 in Conjurations
 19473 | Lair:2   | Reached skill level 4 in Conjurations
 19548 | Lair:2   | Reached skill level 5 in Conjurations
 19557 | Lair:2   | Reached skill level 6 in Conjurations
 19739 | Lair:2   | Reached skill level 7 in Conjurations
 20177 | Lair:2   | Reached skill level 5 in Fighting
 20414 | Lair:3   | Noticed Erica
 20477 | Lair:3   | Killed Erica
 20477 | Lair:3   | Reached skill level 6 in Fighting
 20477 | Lair:3   | Reached skill level 10 in Dodging
 20792 | Lair:3   | Reached skill level 7 in Fighting
 21135 | Lair:3   | Offered knowledge of Sticky Flame by Vehumet.
 21164 | Lair:3   | Identified a scroll of acquirement
 21169 | Lair:3   | ::oh c'mon
 21464 | Lair:3   | Reached skill level 8 in Spellcasting
 21665 | Lair:3   | Reached XP level 12. HP: 55/79 MP: 28/30
 21722 | Lair:4   | Found a staircase to the Snake Pit.
 21790 | Lair:4   | Reached skill level 9 in Spellcasting
 21940 | Lair:4   | Learned a level 4 spell: Sticky Flame
 22015 | Lair:4   | Reached skill level 8 in Fighting
 22025 | Lair:4   | Reached skill level 11 in Dodging
 22097 | Lair:4   | Reached skill level 1 in Shields
 22232 | Lair:4   | Noticed Harold
 22247 | Lair:4   | Killed Harold
 22247 | Lair:4   | Reached skill level 3 in Shields
 22296 | Lair:4   | Found a staircase to the Swamp.
 22320 | Lair:4   | Reached skill level 4 in Shields
 22385 | Lair:4   | Found a radiant altar of Vehumet.
 22891 | Lair:4   | You fall through a shaft!
 22937 | Lair:7   | Reached skill level 5 in Shields
 23006 | Lair:6   | Reached skill level 1 in Traps
 23146 | Lair:6   | Offered knowledge of Bolt of Magma by Vehumet.
 23146 | Lair:6   | Reached skill level 2 in Traps
 23202 | Lair:6   | Reached skill level 3 in Traps
 23274 | Lair:6   | Reached skill level 4 in Traps
 23319 | Lair:6   | Noticed a four-headed hydra
 23328 | Lair:6   | Killed a two-headed hydra
 23328 | Lair:6   | Reached skill level 5 in Traps
 24121 | Lair:5   | Reached skill level 13 in Long Blades
 24677 | Lair:6   | Reached skill level 14 in Long Blades
 24763 | Lair:6   | ::this is good
 24763 | Lair:6   | ::good
 24763 | Lair:6   | ::GOOD
 24980 | Lair:6   | Reached skill level 1 in Evocations
 25153 | Lair:3   | Noticed a dragon
 25187 | Lair:3   | Killed a dragon
 25187 | Lair:3   | Reached skill level 3 in Evocations
 25522 | D:7      | Bought a scroll of recharging for 77 gold pieces
 25964 | Lair:7   | Reached skill level 4 in Evocations
 26050 | Lair:7   | Got a jewelled short sword
 26051 | Lair:7   | Identified the cursed short sword of the Snake Pit {slay orc, Hunger rElec rF+ MR Str+3} (You found it on level 7 of the Lair of Beasts)
 26138 | Lair:7   | Offered knowledge of Poison Arrow by Vehumet.
 26138 | Lair:7   | Reached skill level 5 in Evocations
 26449 | Lair:6   | Reached XP level 13. HP: 64/85 MP: 32/32
 26548 | Lair:2   | Learned a level 6 spell: Poison Arrow
 26678 | Lair:7   | Reached skill level 10 in Spellcasting
 27123 | Lair:8   | Entered Level 8 of the Lair of Beasts
 27307 | Lair:8   | Found a staircase to the Slime Pits.
 27384 | Lair:8   | Reached skill level 2 in Poison Magic
 27515 | Lair:8   | Reached skill level 8 in Conjurations
 27625 | Lair:8   | Reached skill level 3 in Poison Magic
 28204 | Lair:8   | Reached skill level 4 in Air Magic
 28249 | Lair:7   | Reached skill level 4 in Poison Magic
 28268 | Lair:7   | Reached skill level 9 in Conjurations
 28422 | Lair:8   | Offered knowledge of Delayed Fireball by Vehumet.
 28422 | Lair:8   | Reached skill level 5 in Air Magic
 28666 | Lair:8   | Reached skill level 6 in Air Magic
 28680 | Lair:8   | Noticed an eight-headed hydra
 28699 | Lair:8   | Killed an eight-headed hydra
 28699 | Lair:8   | Reached skill level 10 in Conjurations
 29009 | D:8      | Learned a level 2 spell: Swiftness
 29010 | Orc:1    | Entered Level 1 of the Orcish Mines
 29225 | Orc:1    | Reached skill level 1 in Armour
 29438 | Orc:1    | Offered knowledge of Ozocubu's Refrigeration by Vehumet.
 29741 | Orc:2    | Reached skill level 2 in Armour
 29802 | Orc:2    | Found Megafuf's Assorted Antiques.
 29815 | Orc:2    | Bought a scroll labeled LEOFOEG TA BACK for 22 gold pieces
 29815 | Orc:2    | Bought a scroll labeled LEOFOEG TA BACK for 22 gold pieces
 29815 | Orc:2    | Bought a scroll of identify for 44 gold pieces
 29909 | Orc:1    | Found Mnymi's Jewellery Boutique.
 29989 | Orc:1    | Bought a cursed -2 ring of protection for 28 gold pieces
 30304 | Orc:3    | Offered knowledge of Freezing Cloud by Vehumet.
 30306 | Orc:3    | ::mmm
 30369 | Orc:3    | Found a staircase to the Elven Halls.
 30525 | Orc:4    | Entered Level 4 of the Orcish Mines
 30525 | Orc:4    | Noticed Gastronok
 30561 | Orc:3    | Killed Gastronok
 30561 | Orc:3    | Reached skill level 4 in Armour
 30898 | Orc:4    | Noticed Erolcha
 31243 | Orc:2    | Offered knowledge of Ice Storm by Vehumet.
 31243 | Orc:2    | Offered knowledge of Shatter by Vehumet.
 31243 | Orc:2    | Offered knowledge of Chain Lightning by Vehumet.
 31636 | Orc:4    | Reached skill level 11 in Spellcasting
 31719 | Orc:4    | Killed Erolcha
 31751 | Orc:4    | Reached XP level 14. HP: 61/92 MP: 24/34
 32000 | Orc:4    | Reached skill level 12 in Spellcasting
 32065 | Orc:4    | Found Qepamuask's Distillery.
 32065 | Orc:4    | Found Oshroamoy's Jewellery Boutique.
 32065 | Orc:4    | Found Ghiurivviti's Magical Wand Boutique.
 32167 | Orc:4    | Found Kloenof's Book Emporium.
 32229 | Orc:4    | Reached skill level 6 in Charms
 32250 | Orc:4    | Bought an uncursed ring of protection from magic for 375 gold pieces
 32446 | Orc:4    | Found Sikh's Magical Wand Boutique.
 32458 | Orc:4    | Bought a wand of heal wounds (6) for 660 gold pieces
 32730 | D:10     | Entered Level 10 of the Dungeon
 33072 | D:10     | Reached skill level 11 in Conjurations
 33258 | D:10     | Found a bloodstained altar of Trog.
 34258 | D:11     | Reached skill level 7 in Charms
 34857 | D:12     | Paralysed by a giant eyeball for 3 turns
 35038 | D:12     | Reached skill level 8 in Charms
 35534 | D:12     | Reached skill level 9 in Charms
 35892 | Lair:2   | ::hahahaha
 36158 | D:2      | Noticed Jessica
 36164 | D:2      | Killed Jessica
 36303 | D:2      | Killed Ijyb
 36354 | D:2      | Killed Crazy Yiuf
 36415 | D:2      | ::no tornado? fuck you vehumet
 37114 | D:5      | Killed Menkaure
 37596 | D:12     | Reached skill level 10 in Charms
 37641 | D:13     | Found Foefaf's Antique Weapon Boutique.
 37650 | D:13     | Bought a bloodstained scimitar for 247 gold pieces
 37651 | D:13     | Identified the scimitar of the Lame Duck {freeze, -Tele MR} (You bought it in a shop on level 13 of the Dungeon)
 37839 | D:13     | Found a shimmering altar of Xom.
 37908 | D:13     | Found a deep blue altar of Sif Muna.
 37954 | D:13     | Reached skill level 11 in Charms
 38312 | D:14     | Entered Level 14 of the Dungeon
 38468 | D:14     | Reached skill level 13 in Spellcasting
 38872 | Orc:4    | Bought a book of Wizardry for 450 gold pieces
 38880 | Orc:4    | Learned a level 6 spell: Haste
 39140 | D:14     | Gained mutation: You evolve. [potion of beneficial mutation]
 39582 | D:15     | Entered Level 15 of the Dungeon
 39804 | D:15     | Reached skill level 12 in Charms
 40415 | D:15     | Learned a level 1 spell: Apportation
 40782 | D:16     | Found Jaelep's Book Boutique.
 40795 | D:16     | Reached skill level 14 in Spellcasting
 40795 | D:16     | Reached XP level 15. HP: 83/98 MP: 34/36
 40817 | D:16     | Learned a level 2 spell: Blink
 41285 | D:16     | Learned a level 1 spell: Summon Butterflies
 41456 | D:16     | Reached skill level 9 in Fighting
 41671 | D:16     | Noticed Maud
 41680 | D:16     | Killed Maud
 41700 | D:16     | Reached skill level 10 in Fighting
 41988 | D:16     | Reached skill level 1 in Translocations
 42029 | D:16     | Reached skill level 2 in Translocations
 42241 | D:17     | Reached skill level 12 in Dodging
 42415 | D:17     | Found a labyrinth entrance.
 42437 | Lab      | Entered a labyrinth
 42566 | Lab      | Found an exit through the horrors of the Abyss.
 43071 | Lab      | Identified Piyqonuj's Almanac of Blows and Bruises and Air
 43071 | Lab      | Got a twisted helmet
 43083 | Lab      | Identified the +2 helmet "Boinumia" {rElec rF+} (You found it in a labyrinth)
 43083 | Lab      | ::mmm, this is a good helmet
 43101 | Lab      | Identified a +2 rod of striking (8/8) (You found it in a labyrinth)
 43146 | D:17     | Reached skill level 11 in Fighting
 43176 | D:17     | Found a corrupted altar of Lugonu.
 43394 | D:17     | Identified Lugonu's Handbook of Confrontation
 43853 | D:17     | Reached skill level 12 in Fighting
 44174 | D:18     | Reached XP level 16. HP: 110/110 MP: 38/38
 44567 | D:18     | Reached skill level 12 in Conjurations
 44797 | D:18     | Reached skill level 13 in Conjurations
 44977 | D:18     | Lost mutation: You evolve. [end of evolution]
 44978 | D:18     | ::nice unevolve
 45329 | D:19     | Reached skill level 13 in Dodging
 45605 | D:19     | Reached skill level 13 in Fighting
 46916 | Temple   | Fell from the grace of Vehumet
 46916 | Temple   | Became a worshipper of Ashenzari the Shackled
 47085 | Orc:1    | Bought an uncursed amulet of the gourmand for 420 gold pieces
 47092 | Orc:1    | ::oh
 47685 | Snake:1  | Entered Level 1 of the Snake Pit
 47837 | Snake:1  | Found a glowing silver altar of Zin.
 48448 | Snake:2  | Found Stycit's Antique Weapon Emporium.
 48448 | Snake:2  | Found Kucrecso's Magic Scroll Shop.
 48453 | Snake:2  | Bought a scroll of recharging for 88 gold pieces
 48455 | Snake:2  | Bought a scroll of enchant weapon I for 88 gold pieces
 48526 | Snake:2  | Found Doirch's Weapon Boutique.
 48803 | Snake:2  | Found Kafee's Book Emporium.
 48811 | Snake:2  | Found Hyhisy's Antique Weapon Shop.
 49498 | Snake:3  | Acquired Ashenzari's first power
 49555 | Snake:3  | Found Zyuman's Magic Scroll Boutique.
 49602 | Snake:3  | Bought a scroll of torment for 75 gold pieces
 49604 | Snake:3  | Bought a scroll of enchant weapon I for 55 gold pieces
 49816 | Snake:3  | Reached XP level 17. HP: 119/119 MP: 26/38
 49820 | Snake:2  | Reached skill level 1 in Stealth
 49942 | Snake:3  | Reached skill level 14 in Fighting
 49962 | Snake:3  | Noticed Azrael
 49974 | Snake:3  | Killed Azrael
 50118 | Snake:3  | Reached skill level 2 in Stealth
 50216 | Snake:3  | Identified the cursed -5 helmet "Agautiul" {Str+3 Int+3 Dam+6}
 50391 | Snake:3  | Bought a scroll of recharging for 55 gold pieces
 50464 | Snake:4  | Acquired Ashenzari's second power
 50672 | Snake:4  | Reached skill level 14 in Dodging
 51087 | Snake:4  | Noticed Lamia
 51402 | Snake:4  | Killed Lamia
 51404 | Snake:4  | ::bardiche of pain lamia
 51404 | Snake:4  | ::cannot be stupider
 51818 | Snake:4  | Quit the game

Action                   |  1- 3 |  4- 6 |  7- 9 | 10-12 | 13-15 | 16-18 || total
-------------------------+-------+-------+-------+-------+-------+-------++-------
Melee: Short sword       |   141 |   156 |   755 |   190 |       |       ||  1242
       Scimitar          |       |       |       |  1244 |   926 |       ||  2170
       Demon blade       |       |       |       |       |   690 |   739 ||  1429
 Fire: Sling             |    10 |     8 |    23 |       |       |       ||    41
Throw: Stone             |    10 |       |     4 |       |       |       ||    14
       Dart              |    26 |    18 |     4 |       |       |       ||    48
 Cast: Freezing Aura     |    14 |    10 |    12 |    21 |       |       ||    57
       Repel Missiles    |     3 |     1 |     9 |    14 |    35 |    14 ||    76
       Regeneration      |     1 |    13 |   101 |   132 |   150 |    54 ||   451
       Poison Weapon     |       |     8 |    45 |    28 |       |       ||    81
       Fire Brand        |       |       |    28 |     8 |       |       ||    36
       Shock             |       |       |     2 |       |       |       ||     2
       Airstrike         |       |       |       |    19 |    22 |     8 ||    49
       Sticky Flame      |       |       |       |    25 |    78 |     3 ||   106
       Poison Arrow      |       |       |       |       |    72 |    43 ||   115
       Swiftness         |       |       |       |       |    15 |     7 ||    22
       Orb of Destructio |       |       |       |       |     2 |     4 ||     6
       Haste             |       |       |       |       |     4 |     6 ||    10
       Apportation       |       |       |       |       |     1 |     3 ||     4
       Blink             |       |       |       |       |     1 |     3 ||     4
 Abil: Evoke Flight      |       |       |       |     2 |       |       ||     2
       Evoke Berserk Rag |       |       |       |     1 |       |       ||     1
       Evoke Teleport Co |       |       |       |       |     1 |       ||     1
Evoke: Wand              |       |       |     1 |     9 |     8 |     8 ||    26
  Use: Scroll            |     3 |     4 |    15 |    15 |    32 |    20 ||    89
       Potion            |       |     3 |     1 |       |     1 |       ||     5
 Stab: Sleeping          |       |     2 |     1 |       |       |     1 ||     4
       Distracted        |       |       |     1 |       |       |       ||     1
       Fleeing           |       |       |       |     1 |       |       ||     1
       Confused          |       |       |       |       |     1 |       ||     1

Table legend:
 A = Turns spent in this place as a percentage of turns spent in the entire game.
 B = Non-inter-level travel turns spent in this place as a percentage of non-inter-level travel turns spent in the entire game.
 C = Inter-level travel turns spent in this place as a percentage of turns spent in this place.
 D = Turns resting spent in this place as a percentage of non-inter-level travel turns spent in this place.
 E = Turns spent auto-exploring this place as a percentage of non-inter-level travel turns spent in this place.
 F = Non-inter-level travel turns spent in this place divided by the number of levels of this place that you've seen.
                   A       B       C       D       E      F
               +-------+-------+-------+-------+-------+----------------------
         Total | 100.0 | 100.0 |   0.9 |   4.0 |   5.6 | 639.0
       Dungeon |  57.4 |  57.4 |   0.8 |   4.0 |   5.1 | 713.7
        Temple |   0.2 |   0.2 |   3.6 |   0.0 |   0.0 |  53.0
  Orcish Mines |   8.7 |   8.7 |   1.4 |   4.2 |   8.3 | 512.8
          Lair |  24.4 |  24.4 |   0.9 |   4.2 |   5.2 | 721.0
     Snake Pit |   6.7 |   6.7 |   0.5 |   5.5 |  10.2 | 397.0
     Labyrinth |   2.6 |   2.6 |   0.0 |   0.0 |   0.0 | 622.0
               +-------+-------+-------+-------+-------+----------------------

Table legend:
 A = Kills in this place as a percentage of kills in entire the game.
 B = Kills by you in this place as a percentage of kills by you in the entire game.
 C = Kills by friends in this place as a percentage of kills by friends in the entire game.
 D = Other kills in this place as a percentage of other kills in the entire game.
 E = Experience gained in this place as a percentage of experience gained in the entire game.
 F = Experience gained in this place divided by the number of levels of this place that you have seen.
                   A       B       C       D       E      F
               +-------+-------+-------+-------+-------+----------------------
         Total | 100.0 | 100.0 | 100.0 |  -nan | 100.0 | 6054.2
       Dungeon |  46.8 |  46.8 | 100.0 |  -nan |  51.8 | 6103.5
  Orcish Mines |  20.3 |  20.3 |   0.0 |  -nan |   8.6 | 4801.2
          Lair |  24.9 |  24.9 |   0.0 |  -nan |  23.1 | 6479.1
     Snake Pit |   7.9 |   7.9 |   0.0 |  -nan |  15.9 | 8900.8
     Labyrinth |   0.1 |   0.1 |   0.0 |  -nan |   0.6 | 1397.0
               +-------+-------+-------+-------+-------+----------------------

Vault maps used:
D:1:      dpeg_entry_arbitrary_b
D:2:      first_bread, uniq_iyjb, uniq_jessica, uniq_crazy_yiuf_cottage
D:3:      overflow_temple_1_default
D:4:      zin_academy, nemelex_xobeh_ov_fountains_minmay
D:5:      overflow_temple_1_default, minmay_temple_entry_butterflies,
          serial_shops, shop_fountains, minmay_misc_feat_x, grunt_ministairs_13,
          lemuel_coloured_pillars_altar, uniq_menkaure
D:6:      minmay_misc_feat_roman, hangedman_decor_points, uniq_eustachio
D:7:      serial_shops, shop, uniq_duvessa, uniq_pikel, uniq_joseph
D:8:      infiniplex_staircase_diamond, hiddenorc1_lemuel, hangedman_stone_soup,
          uniq_grum
D:9:      minmay_lair_entry_lava, hex_tiny, uniq_maurice
D:10:     trog_wizard
D:12:     serial_bayou_pond_e
D:13:     serial_shops, shop, basic_altar, tgw_sif
D:14:     minmay_weird_star
D:15:     trap_monster_doors_1, grunt_decor_arrowhead, roderic_lattice_a
D:16:     minmay_staircase_bubble, serial_shops, shop, uniq_maud
D:17:     lab_entry_generic, minmay_misc_feat_tower, minmay_misc_feat_five,
          tgw_lugonu_bribe
D:18:     min_item_tele_traps
D:19:     minmay_misc_feat_pillars, basic_altar
Temple:   temple_eino_lava_12
Orc:1:    serial_shops, shop
Orc:2:    serial_shops, shop
Orc:3:    baited_tele_trap
Orc:4:    serial_shops, shop, st_orc_ogre_mass, guppyfry_library_mini,
          uniq_gastronok_1, uniq_erolcha
Lair:2:   serial_bayou, goddamned_bats, minmay_lair_oklob_chamber_tiny
Lair:3:   dragon1_lemuel, uniq_erica
Lair:4:   minmay_swamp_entry_wisps, minmay_snake_entry_spellcaster, basic_altar,
          uniq_harold
Lair:8:   grunt_lair_end_beastmaster
Snake:1:  basic_altar
Snake:2:  serial_shops, shop, shop, shop, shop, shop_coins
Snake:3:  serial_shops, shop, basic_loot_grate_trap,
          nicolae_coiled_stairwell_down, uniq_azrael
Snake:4:  st_stairs_14, spider_trap, uniq_lamia
Lab:      labyrinth_fake_exit, labyrinth_skeletal_remains

Action                   |  1- 3 |  4- 6 |  7- 9 | 10-12 | 13-15 | 16-18 || total
-------------------------+-------+-------+-------+-------+-------+-------++-------
Melee: Short sword       |   141 |   156 |   755 |   190 |       |       ||  1242
       Scimitar          |       |       |       |  1244 |   926 |       ||  2170
       Demon blade       |       |       |       |       |   690 |   739 ||  1429
 Fire: Sling             |    10 |     8 |    23 |       |       |       ||    41
Throw: Stone             |    10 |       |     4 |       |       |       ||    14
       Dart              |    26 |    18 |     4 |       |       |       ||    48
 Cast: Freezing Aura     |    14 |    10 |    12 |    21 |       |       ||    57
       Repel Missiles    |     3 |     1 |     9 |    14 |    35 |    14 ||    76
       Regeneration      |     1 |    13 |   101 |   132 |   150 |    54 ||   451
       Poison Weapon     |       |     8 |    45 |    28 |       |       ||    81
       Fire Brand        |       |       |    28 |     8 |       |       ||    36
       Shock             |       |       |     2 |       |       |       ||     2
       Airstrike         |       |       |       |    19 |    22 |     8 ||    49
       Sticky Flame      |       |       |       |    25 |    78 |     3 ||   106
       Poison Arrow      |       |       |       |       |    72 |    43 ||   115
       Swiftness         |       |       |       |       |    15 |     7 ||    22
       Orb of Destructio |       |       |       |       |     2 |     4 ||     6
       Haste             |       |       |       |       |     4 |     6 ||    10
       Apportation       |       |       |       |       |     1 |     3 ||     4
       Blink             |       |       |       |       |     1 |     3 ||     4
 Abil: Evoke Flight      |       |       |       |     2 |       |       ||     2
       Evoke Berserk Rag |       |       |       |     1 |       |       ||     1
       Evoke Teleport Co |       |       |       |       |     1 |       ||     1
Evoke: Wand              |       |       |     1 |     9 |     8 |     8 ||    26
  Use: Scroll            |     3 |     4 |    15 |    15 |    32 |    20 ||    89
       Potion            |       |     3 |     1 |       |     1 |       ||     5
 Stab: Sleeping          |       |     2 |     1 |       |       |     1 ||     4
       Distracted        |       |       |     1 |       |       |       ||     1
       Fleeing           |       |       |       |     1 |       |       ||     1
       Confused          |       |       |       |       |     1 |       ||     1
